Map: Cyber Forest LE

Players

Parkkatz - Winner!

  • Race: Zerg Zerg
  • League: Platinum
  • Spawn Location: 5:00

IdrAhaha

  • Race: Terran Terran
  • League: Platinum
  • Spawn Location: 11:00

VOD

Have the link to the VOD?

Description

Time

  • Played on: July 7, 2019, 10:23 a.m.
  • Length: 10:51
Show
View Real Time Build Order
Export as new Build Order

Parkkatz Zerg - Winner!

Build Orders: Hatch First 

Get SALT Encoding   

  12  0:01  Drone  
  13  0:14  Overlord  
  13  0:17  Drone  
  14  0:33  Drone x2  
  16  0:41  Drone  
  17  0:48  Drone  
  18  1:02  Hatchery  
  17  1:05  Drone, Extractor  
  17  1:19  Drone, Spawning Pool  
  17  1:22  Drone  
  18  1:30  Drone  
  19  1:41  Overlord  
  19  2:10  Queen  
  19  2:11  Zergling x2  
  19  2:12  Zergling x2  
  19  2:14  Queen  
  19  2:15  Zergling x2  
  26  2:16  Drone  
  26  2:17  Metabolic Boost  
  27  2:26  Overlord  
  27  2:28  Drone  
  28  2:44  Drone  
  28  2:45  Drone  
  28  2:49  Queen  
  31  3:12  Drone x2  
  32  3:13  Drone x2  
  34  3:25  Drone x3, Queen  
  39  3:31  Hatchery  
  39  3:32  Spore Crawler  
  37  3:34  Spore Crawler  
  37  3:36  Drone x2  
  37  3:40  Baneling Nest  
  37  3:41  Drone  
  38  3:47  Zergling x4  
  40  3:49  Zergling x2  
  41  3:56  Drone x2  
  43  4:15  Overlord x3  
  43  4:16  Extractor  
  42  4:17  Extractor  
  42  4:18  Drone x2  
  43  4:33  Drone x2  
  43  4:34  Drone x3  
  48  4:43  Zergling x6  
  51  4:47  Queen  
  53  4:55  Roach Warren  
  53  4:56  Evolution Chamber  
  51  5:03  Baneling x2  
  51  5:05  Lair  
  51  5:08  Drone x6  
  57  5:22  Zerg Missile Weapons Level 1  
  56  5:33  Drone x2  
  56  5:34  Drone x2, Overlord x2  
  60  5:38  Drone  
  60  5:39  Drone  
  60  5:40  Drone x3  
  65  5:43  Overlord x2  
  65  5:44  Overlord  
  65  5:48  Drone x2  
  67  5:51  Spore Crawler  
  65  6:09  Zergling x6  
  63  6:11  Zergling x4  
  63  6:12  Zergling x4  
  63  6:17  Zergling x6  
  67  6:18  Drone  
  67  6:19  Drone x4  
  67  6:20  Drone x2  
  69  6:28  Overlord x2  
  69  6:31  Overlord  
  69  6:32  Overlord  
  67  6:44  Drone  
  67  6:45  Drone x4  
  72  6:49  Glial Reconstitution, Centrifical Hooks  
  72  6:52  Roach x2  
  72  6:53  Roach x3  
  82  6:55  Drone x2  
  74  7:04  Roach x4  
  74  7:07  Roach  
  74  7:08  Roach x2  
  88  7:10  Extractor  
  88  7:11  Extractor  
  88  7:15  Roach x3  
  92  7:25  Roach x3  
  92  7:29  Extractor  
  89  7:38  Zerg Missile Weapons Level 2  
  89  7:40  Drone x3  
  89  7:41  Drone x3, Overlord  
  89  7:42  Overlord  
  95  7:51  Hydralisk Den  
  94  7:55  Hatchery, Overlord x2  
  93  7:59  Drone  
  93  8:00  Overseer, Pneumatized Carapace  
  88  8:12  Roach x3  
  90  8:13  Roach  
  90  8:16  Zergling x4  
  90  8:17  Zergling x8  
  96  8:24  Hydralisk x2  
  96  8:25  Hydralisk x3  
  106  8:35  Muscular Augments  
  100  8:57  Drone  
  100  8:58  Drone x14  
  107  9:19  Hydralisk x8  
  107  9:20  Hydralisk x3  
  107  9:22  Overlord  
  127  9:37  Ravager  
  128  9:52  Hydralisk  
  128  9:53  Hydralisk x14  
  128  9:59  Infestation Pit, Evolution Chamber  
  156  10:10  Drone x2  
  156  10:11  Drone x5  
  160  10:21  Spore Crawler  
  160  10:24  Spore Crawler  
  160  10:25  Drone x3  
  160  10:26  Spore Crawler  
  144  10:38  Hatchery  
Show
View Real Time Build Order
Export as new Build Order

IdrAhaha Terran 

Build Orders:  

Get SALT Encoding   

  12  0:01  SCV  
  13  0:13  SCV  
  14  0:17  Supply Depot  
  14  0:31  SCV  
  15  0:41  Barracks  
  15  0:44  Refinery  
  15  0:46  SCV  
  16  0:58  SCV  
  17  1:10  SCV  
  18  1:22  SCV  
  19  1:31  Supply Depot  
  19  1:32  Marine  
  20  1:35  Orbital Command  
  20  1:49  Marine  
  21  2:02  Command Center  
  21  2:12  SCV  
  22  2:21  Factory, Marine  
  23  2:28  SCV  
  24  2:42  SCV  
  25  2:47  Barracks  
  25  2:56  SCV  
  26  2:59  Refinery  
  23  3:22  Orbital Command  
  23  3:24  Factory Reactor  
  23  3:28  SCV  
  23  3:29  Starport  
  23  3:34  Barracks Tech Lab  
  24  3:35  Supply Depot, Engineering Bay  
  24  3:45  SCV  
  24  3:47  Supply Depot  
  24  3:48  Barracks Reactor  
  25  3:49  SCV  
  26  3:57  Stimpack  
  26  3:58  SCV  
  26  4:01  SCV  
  28  4:04  Marine  
  28  4:08  Hellion x2  
  33  4:11  Missile Turret  
  33  4:12  Starport Reactor  
  33  4:28  Marine  
  33  4:29  Marine x2  
  36  4:34  Hellion x2  
  40  4:39  Orbital Command  
  40  4:46  Marine  
  41  4:55  Medivac x2  
  41  4:59  Sensor Tower  
  45  5:14  SCV x2  
  45  5:16  Widow Mine  
  49  5:26  Medivac x2, SCV x2  
  47  5:36  Marine x3  
  47  5:38  Hellion x2, SCV  
  47  5:42  SCV  
  54  5:50  SCV  
  54  5:54  Marine x2  
  54  5:55  Marine  
  50  6:12  Marine x2  
  50  6:13  Marine  
  49  6:29  Marine x2, Hellion x2, Medivac x2  
  49  6:31  Marine  
  57  6:44  Command Center  
  57  6:46  SCV  
  58  6:47  Marine x2  
  58  6:49  Marine  
  61  6:56  Hellion  
  60  7:04  Medivac  
  60  7:08  Marine x3  
  65  7:11  Supply Depot  
  65  7:14  Supply Depot  
  66  7:15  SCV x2  
  67  7:26  Marine  
  67  7:27  SCV  
  67  7:28  SCV  
  67  7:29  Marine  
  68  7:30  Marine  
  60  7:43  Marine  
  60  7:44  Widow Mine  
  60  7:45  Widow Mine  
  60  7:47  Marine x2  
  60  7:49  Terran Infantry Weapons Level 1  
  60  7:50  Combat Shield  
  66  7:58  Medivac  
  68  8:01  Marine  
  68  8:05  Marine  
  63  8:06  Marauder  
  66  8:18  Orbital Command  
  66  8:19  Marine  
  67  8:23  Marine  
  67  8:27  Marine  
  68  8:30  Refinery  
  69  8:36  Liberator  
  69  8:37  Liberator, Marine  
  69  8:41  Marine  
  67  8:44  Marine  
  55  8:52  Widow Mine  
  55  8:55  Marine  
  64  8:59  Marine  
  64  9:01  Barracks  
  64  9:02  Marine  
  65  9:13  Marine  
  65  9:16  Marine  
  60  9:20  Marine  
  57  9:28  Bunker  
  57  9:30  Marine  
  58  9:34  Marine  
  58  9:38  Marine  
  59  9:43  Orbital Command  
  60  9:48  Marine  
  60  9:52  Marine  
  62  9:56  Marine  
  63  10:06  Marine  
  64  10:10  Marine  
  64  10:14  Marine  
  58  10:30  Marine x2  
  58  10:31  Marine  
Tags
 
Add a new tag
Caveats
  • Supply blocks, unpowered buildings, or Contaminate may cause inaccurate times.
  • Supply counts are checked every 10 seconds.